 Dungeon Crawl Stone Soup version 0.31-a0-1204-ge2c1a86 (webtiles) character file.

Game seed: 3691352261388105630

48 gwaga3 the Trooper (level 3, -1/34 HPs)
             Began as a Hill Orc Fighter on Dec 12, 2023.
             Slain by a spectral quokka (2 damage)
             ... on level 2 of the Dungeon.
             The game lasted 00:02:11 (1148 turns).

gwaga3 the Trooper (Hill Orc Fighter)               Turns: 1148, Time: 00:02:12

Health: -1/34      AC:  6    Str: 18    XL:     3   Next: 72%
Magic:  3/3        EV:  9    Int:  8    God:
Gold:   82         SH:  4    Dex: 12    Spells: 2/2 levels left

rFire   . . .        a - +0 trident
rCold   . . .        c - +0 buckler
rNeg    . . .        b - +0 scale mail
rPois   .            (no helmet)
rElec   .            (no cloak)
rCorr   .            (no gloves)
SInv    .            (no boots)
Will    .....        (no amulet) Stlth
                     (no ring)
HPRegen 0.25/turn    (no ring)
MPRegen 0.08/turn

%: no passive effects
@: no status effects
A: no striking features
a: no special abilities


You were on level 2 of the Dungeon.
You visited 1 branch of the dungeon, and saw 2 of its levels.

You collected 82 gold pieces.

Inventory:

Hand Weapons
 a - a +0 trident (weapon)
 m - a +0 spear
Missiles
 e - 2 poisoned darts
Armour
 b - a +0 scale mail (worn)
 c - a +0 buckler (worn)
Jewellery
 i - a ring of positive energy
 r - a +6 ring of dexterity
Wands
 t - a wand of roots (15)
Scrolls
 h - a scroll of fear {unknown}
 j - a scroll of silence {unknown}
 l - a scroll of vulnerability {unknown}
 n - a scroll of amnesia {unknown}
 p - a scroll of fog {unknown}
 q - a scroll of teleportation {unknown}
 v - a scroll of brand weapon {unknown}
Potions
 d - a potion of might
 f - a potion of brilliance {unknown}
 g - a potion of lignification {unknown}
 k - a potion of heal wounds {unknown}
 o - a potion of cancellation {unknown}
 s - a potion of curing {unknown}
 u - 2 potions of mutation {unknown}


   Skills:
 + Level 4.3 Fighting
 * Level 3.7 Polearms
 - Level 3.2 Armour
 - Level 3.2 Shields


You had 2 spell levels left.
You didn't know any spells.
Your spell library contained the following spells:

 Spells                   Type           Power      Damage    Failure   Level
 Magic Dart               Conj           0%         1d3       86%         1
 Call Imp                 Summ           0%         N/A       95%         2
 Wereblood                Tmut           0%         N/A       95%         2
 Mephitic Cloud           Conj/Pois/Air  0%         N/A       99%         3
 Irradiate                Conj/Tmut      0%         3d11      100%        5


Dungeon Overview and Level Annotations

Branches:
Dungeon (2/15)

Altars:
Ashenzari

Shops:
D:2 ([*

Annotations:
D:2 Natasha


Message History

The cerulean imp hits you but does no damage.
Reach: a) +0 trident
Press: ? - help, Dir - move target, f/p - ball python skeleton
Aim: a ball python skeleton (heavily damaged, constricting you, about 18% to evade your +0 trident)
You puncture the ball python skeleton!
You destroy the ball python skeleton!
The spectral quokka bites the withered plant.
Natasha barely misses you. The cerulean imp barely misses you.
Reach: a) +0 trident
Press: ? - help, Dir - move target, f - giant cockroach zombie
Aim: a giant cockroach zombie (about 22% to evade your +0 trident)
You hit the giant cockroach zombie.
The giant cockroach zombie is moderately damaged.
The withered plant crumbles away.
The spectral quokka bites the withered plant.
The giant cockroach zombie bites you but does no damage.
Natasha claws you.
* * * LOW HITPOINT WARNING * * *
The cerulean imp hits you but does no damage.
The spectral quokka bites the withered plant.
The giant cockroach zombie closely misses you.
Reach: a) +0 trident
Press: ? - help, Dir - move target, f/p - giant cockroach zombie
Aim: a giant cockroach zombie (moderately damaged, about 22% to evade your +0 trident)
You hit the giant cockroach zombie.
The giant cockroach zombie is heavily damaged.
The withered plant crumbles away.
Natasha claws you.
* * * LOW HITPOINT WARNING * * *
The cerulean imp hits you but does no damage.
The giant cockroach zombie closely misses you.
Reach: a) +0 trident
Press: ? - help, Dir - move target, f/p - giant cockroach zombie
Aim: a giant cockroach zombie (heavily damaged, about 22% to evade your +0 trident)
You puncture the giant cockroach zombie!
You destroy the giant cockroach zombie!
You block the spectral quokka's attack. Natasha barely misses you.
The cerulean imp hits you from afar with a +1 spear.
* * * LOW HITPOINT WARNING * * *
The spectral quokka bites you.
You die...

.##........#..#.<.....♣♣♣#
####....####.##.....♣♣♣
###..#####.........♣♣ .
##..######..####.##♣ 8.
##.#........####.## .).
#..#.####..##.....♣ ....
..#..#....###.♣♣♣♣♣../..
..#.......# #♣♣P.Z.....P
..#.......# #♣..@hZ..♣
......._..###..PPZ5♣♣♣
...............♣♣♣♣♣.#
..........###........#
...#......# #........#
...#......###........#
...#.......##........###
...#.##.#..>............
...#.##.#.#####.........


You could see a spectral quokka, Natasha, a cerulean imp (summoned), a giant
cockroach zombie and an adder skeleton.

Vanquished Creatures
  An adder (D:2)
  2 worms (D:2)
  A dart slug (D:1)
  2 ball pythons (D:1)
  6 bats
  5 endoplasms
  3 goblins (D:1)
  A hobgoblin (D:2)
  2 quokkas (D:1)
  A ball python skeleton (D:2)
  2 frilled lizards (D:2)
  A giant cockroach zombie (D:2)
  A kobold (D:2)
  3 rats
31 creatures vanquished.

Notes
Turn   | Place    | Note
-------+----------+-------------------------------------------
     0 | D:1      | gwaga3 the Hill Orc Fighter began the quest for the Orb.
     0 | D:1      | Reached XP level 1. HP: 19/19 MP: 1/1
    51 | D:1      | Reached XP level 2. HP: 27/27 MP: 2/2
   183 | D:1      | Found a faded altar of an unknown god.
   262 | D:1      | Reached skill level 4 in Fighting
   541 | D:1      | You fall into a shaft and drop 1 floor!
   554 | D:2      | Reached XP level 3. HP: 28/33 MP: 3/3
   598 | D:2      | Found Deebbiaf's General Store.
   845 | D:2      | Found Poull's Weapon Boutique.
   920 | D:2      | Found a broken altar of Ashenzari.
   943 | D:2      | Found Tedapt's Antique Armour Shoppe.
  1132 | D:2      | Noticed Natasha
  1148 | D:2      | HP: 1/34 [cerulean imp/+1 spear[Natasha] (4)]
  1148 | D:2      | Slain by a spectral quokka

Illustrated notes

Levels and vault maps discovered:
D:1:      dpeg_arrival_leaves_temple_mockup, layout_loops_cross,
          shapermc_ecumenical_altar_acropolis
D:2:      layout_rooms, basic_altar, serial_shops, nicolae_lakefront_shop,
          shop_fountains, nicolae_shop_crystal, dilly_guarded_unrand_morg

Skill      XL: |  1  2 |
---------------+-------+-----
Polearms       | 3 |  3.7
Fighting       | 4 |  4.3
Armour         | |  3.2
Shields        | |  3.2

Action                     || total
---------------------------++-------
  Melee: Trident           ||   105
 Armour: Scale mail        ||    67
  Dodge: Dodged            ||    34
  Block: Buckler           ||    17

Table legend: (Time is in decaauts)
 A = Elapsed time spent in this place.
 B = Non-inter-level travel time spent in this place.
 C = Inter-level travel time spent in this place.
 D = Time resting spent in this place.
 E = Time spent auto-exploring this place.
 F = Levels seen in this place.
 G = Mean time per level.
                   A        B        C        D        E       F      G
               +--------+--------+--------+--------+--------+-----+--------+
         Total |   1167 |   1155 |     12 |      0 |    929 |   2 |  583.5 |
       Dungeon |   1167 |   1155 |     12 |      0 |    929 |   2 |  583.5 |
               +--------+--------+--------+--------+--------+-----+--------+

Top non-repeatable levels by time:
     D:2: 616 daAuts
     D:1: 551 daAuts
